 Dungeon Crawl Stone Soup version 0.30-a0-374-g95c0257040 (webtiles) character file.

Game seed: 16158765490753874202

188 Conn the Chopper (level 5, 36/36 (43) HPs)
             Began as a Gnoll Reaver on Nov 26, 2022.
             Quit the game on level 3 of the Dungeon.
             The game lasted 00:10:19 (3173 turns).

Conn the Chopper (Gnoll Reaver)                     Turns: 3173, Time: 00:10:19

HP:   36/36 (43)    AC:  5    Str: 12    XL:     5   Next: 67%
MP:   12/12         EV: 12    Int: 14    God:
Gold: 260           SH:  0    Dex: 10    Spells: 3/14 levels left

rFire   . . .      SeeInvis .    a - +2 rapier (drain)
rCold   . . .      Faith    .    (no shield)
rNeg    . . .      Spirit   .    d - +0 leather armour
rPois   .          Reflect  .    c - +1 helmet
rElec   .          Harm     .    (no cloak)
rCorr   .          Rampage  .    (no gloves)
Will    .....                    (no boots)
Stlth   +.........               (no amulet)
HPRegen 0.26/turn                (no ring)
MPRegen 0.13/turn                (no ring)

@: heavily drained
A: fangs 1, strong nose, distributed training
a: no special abilities


You were on level 3 of the Dungeon.
You visited 1 branch of the dungeon, and saw 4 of its levels.

You collected 260 gold pieces.

Inventory:

Hand Weapons
 a - a +2 rapier of draining (weapon)
 b - a +1 sling of flaming
 n - a +0 short sword of draining
Missiles
 g - 4 datura-tipped darts
 j - 3 poisoned darts
Armour
 c - a +1 helmet (worn)
 d - a +0 leather armour (worn)
Scrolls
 h - a scroll of silence {unknown}
 i - 2 scrolls of noise {unknown}
 k - a scroll of enchant weapon {unknown}
 l - 2 scrolls of immolation {unknown}
 o - 2 scrolls of amnesia {unknown}
 p - 3 scrolls of vulnerability {unknown}
 r - a scroll of poison {unknown}
 t - 3 scrolls of identify {unknown}
Potions
 e - 2 potions of invisibility
 f - 3 potions of heal wounds {unknown}
 m - a potion of mutation {unknown}
 q - a potion of resistance {unknown}
 s - a potion of degeneration {unknown}
 u - a potion of curing {unknown}


   Skills:
 + Level 4.8 Fighting
 + Level 1.6 Short Blades
 + Level 1.6 Long Blades
 + Level 6.7 Axes
 + Level 1.6 Maces & Flails
 + Level 1.6 Polearms
 + Level 1.6 Staves
 + Level 1.6 Ranged Weapons
 + Level 1.6 Throwing
 + Level 1.6 Armour
 + Level 4.8 Dodging
 + Level 1.6 Stealth
 + Level 1.6 Shields
 + Level 1.6 Unarmed Combat
 + Level 5.2 Spellcasting
 + Level 5.6 Conjurations
 + Level 1.3 Hexes
 + Level 1.3 Summonings
 + Level 1.3 Necromancy
 + Level 1.3 Translocations
 + Level 1.3 Transmutations
 + Level 1.3 Fire Magic
 + Level 1.3 Ice Magic
 + Level 1.3 Air Magic
 + Level 1.3 Earth Magic
 + Level 1.3 Poison Magic
 + Level 1.9 Invocations
 + Level 1.6 Evocations


You had 3 spell levels left.
You knew the following spells:

 Your Spells              Type           Power      Damage    Failure   Level
a - Kiss of Death         Conj/Necr      52%        2d9       5%          1
b - Momentum Strike       Conj/Tloc      26%        3d8       8%          2
c - Blink                 Tloc           14%        N/A       19%         2
d - Hailstorm             Conj/Ice       13%        3d5       16%         3
e - Call Canine Familiar  Summ           7%         N/A       36%         3

Your spell library contained the following spells:

 Spells                   Type           Power      Damage    Failure   Level
 Sting                    Tmut/Pois      28%        1d4       13%         1
 Poisonous Vapours        Pois/Air       14%        N/A       19%         2
 Lesser Beckoning         Tloc           14%        N/A       36%         3
 Portal Projectile        Hex/Tloc       14%        N/A       36%         3
 Leda's Liquefaction      Hex/Erth       3%         N/A       77%         4
 Olgreb's Toxic Radiance  Pois           7%         N/A       77%         4


Dungeon Overview and Level Annotations

Branches:
Dungeon (4/15)
 Temple: D:4-7

Altars:
Cheibriados


Innate Abilities, Weirdness & Mutations

You have very sharp teeth.
Your uncanny sense of smell can sniff out nearby items.
Your experience applies equally to all skills.


Message History

The gnoll barely misses you. The orc closely misses you.
The orc barely misses you.
You climb upwards.
There is a stone staircase leading down here.
Your +1 sling of flaming stops flaming.
You sense an unholy aura.
a - a +2 rapier of draining (weapon)
You puncture the orc!
You kill the orc!
The orc hits you with a +0 short sword.
You hit the orc. You bite the orc, but do no damage.
The orc is lightly wounded.
The orc hits you with a +0 short sword.
* * * LOW HITPOINT WARNING * * *
You closely miss the orc. Your punch misses the orc.
You bite the orc, but do no damage.
The orc is lightly wounded.
The orc closely misses you.
You hit the orc.
The orc is moderately wounded.
The orc hits you but does no damage. The orc hits you with a +0 short sword.
* * * LOW HITPOINT WARNING * * *
Casting: Blink (safe; 19% risk of failure)
Confirm with . or Enter, or press ? or * to list all spells.
Aiming: Kiss of Death (safe; 5% risk of failure)
Press: ? - help, Shift-Dir - straight line, f - orc
Aim: an orc, wielding a +0 short sword and wearing a +0 ring mail (moderately wounded, 100% to hit)
The negative energy hits the orc.
The orc is drained!
You kill the orc!
You feel drained.
Things that are here:
a +0 short sword; a +0 ring mail; an orc corpse You see here a +0 mace.
There is a stone staircase leading down here.
Magic restored.
HP restored.
Done exploring.
There is a stone staircase leading down here.
Sorry, you're not good enough to have a special ability.
Unknown command.
Are you sure you want to abandon this character and quit the game? (Confirm with "yes".)

#.##.# #.##....##.##.#########
#..#.# #..........##.# .....#
######.#######.# ##.###
#........# ##+## #.# #.####.#.#
##...## ##.# #.####.#.###...^.##
# ##.# #.##...#.##.......## ###
.#.#######.#...##.#....(....###..
................@)'.........'....
.#.#######.....)..#.........###..
##.# ##.#.######.......## #.#
##.# #.### ##.....## #.# ##.#####
#.# ##...## #.# .......# #.#
##'## #.# ##.###.# #.# #.# #.#
##.# #.# #.# #.# #.# ...# #.#
##.## ##.## #.#


There were no monsters in sight!

Vanquished Creatures
  Terence (D:2)
  An iguana (D:4)
  A mummy (D:3)
  5 adders
  An ufetubus (D:4)
  A dart slug (D:2)
  3 orcs
  6 endoplasms
  3 giant cockroaches
  3 goblins
  7 hobgoblins
  15 jackals
  2 quokkas
  3 ball pythons
  4 bats
  4 frilled lizards
  3 kobolds
  5 rats
68 creatures vanquished.

Notes
Turn   | Place    | Note
-------+----------+-------------------------------------------
     0 | D:1      | Conn the Gnoll Reaver began the quest for the Orb.
     0 | D:1      | Reached XP level 1. HP: 20/20 MP: 6/6
   239 | D:1      | Reached XP level 2. HP: 23/23 MP: 7/7
   410 | D:1      | Learned a level 2 spell: Momentum Strike
   740 | D:2      | Found a faded altar of an unknown god.
   874 | D:2      | Noticed Terence
   894 | D:2      | Killed Terence
   895 | D:2      | Reached skill level 5 in Spellcasting
   895 | D:2      | Reached skill level 1 in Invocations
   895 | D:2      | Reached XP level 3. HP: 16/24 MP: 7/9
   940 | D:2      | Reached skill level 1 in Short Blades
   940 | D:2      | Reached skill level 1 in Long Blades
   940 | D:2      | Reached skill level 1 in Maces & Flails
   940 | D:2      | Reached skill level 1 in Polearms
   940 | D:2      | Reached skill level 1 in Staves
   940 | D:2      | Reached skill level 1 in Ranged Weapons
   940 | D:2      | Reached skill level 1 in Throwing
   940 | D:2      | Reached skill level 1 in Armour
   940 | D:2      | Reached skill level 1 in Stealth
   940 | D:2      | Reached skill level 1 in Shields
   940 | D:2      | Reached skill level 1 in Unarmed Combat
   940 | D:2      | Reached skill level 1 in Evocations
  1118 | D:2      | Reached XP level 4. HP: 33/35 MP: 11/11
  1419 | D:2      | Reached skill level 1 in Hexes
  1419 | D:2      | Reached skill level 1 in Summonings
  1419 | D:2      | Reached skill level 1 in Necromancy
  1419 | D:2      | Reached skill level 1 in Translocations
  1419 | D:2      | Reached skill level 1 in Transmutations
  1419 | D:2      | Reached skill level 1 in Fire Magic
  1419 | D:2      | Reached skill level 1 in Ice Magic
  1419 | D:2      | Reached skill level 1 in Air Magic
  1419 | D:2      | Reached skill level 1 in Earth Magic
  1419 | D:2      | Reached skill level 1 in Poison Magic
  1943 | D:3      | Found a snail-covered altar of Cheibriados.
  1966 | D:3      | Reached XP level 5. HP: 16/43 MP: 10/12
  2222 | D:3      | Learned a level 2 spell: Blink
  2226 | D:3      | Learned a level 3 spell: Hailstorm
  2230 | D:3      | Learned a level 3 spell: Call Canine Familiar
  3173 | D:3      | Quit the game

Illustrated notes

Levels and vault maps discovered:
D:1:      dpeg_arrival_rooms_with_view, layout_basic, serial_corexii_hall,
          chequers_hall_statues_y, corexii_hall_statues_deadend
D:2:      layout_basic, dreamdust_ecumenical_altar_angels_and_demons,
          uniq_terence
D:3:      layout_loops_corners, slow_altar_2, minmay_fountain_box,
          nrook_mini_backslash
D:4:      layout_cave_pools, kennysheep_little_box

Skill      XL: |  1  2  3  4 |
---------------+-------------+-----
Spellcasting   | 5 |  5.2
Invocations    | 1 |  1.9
Short Blades   | 1 |  1.6
Long Blades    | 1 |  1.6
Maces & Flails | 1 |  1.6
Polearms       | 1 |  1.6
Staves         | 1 |  1.6
Ranged Weapons | 1 |  1.6
Throwing       | 1 |  1.6
Armour         | 1 |  1.6
Stealth        | 1 |  1.6
Shields        | 1 |  1.6
Unarmed Combat | 1 |  1.6
Evocations     | 1 |  1.6
Hexes          | 1 |  1.3
Summonings     | 1 |  1.3
Necromancy     | 1 |  1.3
Translocations | 1 |  1.3
Transmutations | 1 |  1.3
Fire Magic     | 1 |  1.3
Ice Magic      | 1 |  1.3
Air Magic      | 1 |  1.3
Earth Magic    | 1 |  1.3
Poison Magic   | 1 |  1.3
Fighting       | |  4.8
Axes           | |  6.7
Dodging        | |  4.8
Conjurations   | |  5.6

Action                   |  1- 3 |  4- 6 || total
-------------------------+-------+-------++-------
Melee: Rapier            |    50 |   124 ||   174
       Hand axe          |     2 |       ||     2
       Bite              |     2 |    15 ||    17
 Fire: Sling             |       |    15 ||    15
 Cast: Kiss of Death     |     2 |     1 ||     3
       Momentum Strike   |       |     1 ||     1
       Blink             |       |     1 ||     1
  Use: Potion            |     1 |       ||     1
 Stab: Invisible         |     1 |       ||     1
       Distracted        |       |     1 ||     1
       Sleeping          |       |     1 ||     1
Armor: Leather armour    |    21 |    51 ||    72
Dodge: Dodged            |    44 |   121 ||   165

Table legend: (Time is in decaauts)
 A = Elapsed time spent in this place.
 B = Non-inter-level travel time spent in this place.
 C = Inter-level travel time spent in this place.
 D = Time resting spent in this place.
 E = Time spent auto-exploring this place.
 F = Levels seen in this place.
 G = Mean time per level.
                   A        B        C        D        E       F      G
               +--------+--------+--------+--------+--------+-----+--------+
         Total |   3200 |   3070 |    130 |      0 |   1973 |   4 |  800.0 |
       Dungeon |   3200 |   3070 |    130 |      0 |   1973 |   4 |  800.0 |
               +--------+--------+--------+--------+--------+-----+--------+

Top non-repeatable levels by time:
     D:3: 1182 daAuts
     D:2: 897 daAuts
     D:1: 727 daAuts
     D:4: 392 daAuts
